 Dungeon Crawl Stone Soup version 0.30.1-4-g462c640d31 (webtiles) character file.

Game seed: 10560956980455024921

522 LynnLen the Sneak (level 7, -1/34 HPs)
             Began as a Spriggan Enchanter on Sept 9, 2023.
             Slain by Duvessa
             ... wielding a +0 rapier
              (7 damage)
             ... on level 4 of the Dungeon.
             The game lasted 00:13:47 (4531 turns).

LynnLen the Sneak (Spriggan Enchanter)              Turns: 4531, Time: 00:13:48

Health: -1/34      AC:  2    Str:  4    XL:     7   Next: 2%
Magic:  9/13       EV: 18    Int: 18    God:
Gold:   174        SH:  0    Dex: 16    Spells: 5/13 levels left

rFire   . . .        a - +1 dagger
rCold   . . .        (no shield)
rNeg    . . .        b - +0 robe
rPois   .            (helmet restricted)
rElec   .            (no cloak)
rCorr   .            (gloves unavailable)
SInv    +            (boots unavailable)
Will    +....        (no amulet)
Stlth   +++          (no ring)
HPRegen 0.25/turn    (no ring)
MPRegen 0.13/turn

%: no passive effects
@: very quick
A: very small, no large weapons, unfitting armour, see invisible, speed 3
a: no special abilities


You were on level 4 of the Dungeon.
You visited 1 branch of the dungeon, and saw 4 of its levels.

You collected 174 gold pieces.

Inventory:

Hand Weapons
 a - a +1 dagger (weapon)
 f - a +1 short sword of venom
Missiles
 p - 10 poisoned darts
Armour
 b - a +0 robe (worn)
Scrolls
 d - a scroll of butterflies {unknown}
 h - a scroll of teleportation {unknown}
 m - 2 scrolls of immolation {unknown}
 o - a scroll of torment {unknown}
Potions
 c - a potion of invisibility
 e - a potion of berserk rage
 g - a potion of cancellation
 i - 2 potions of curing
 j - a potion of brilliance
 k - a potion of might
 l - a potion of heal wounds
 n - a potion of haste {unknown}


   Skills:
 + Level 1.7 Fighting
 + Level 2.6 Short Blades
 + Level 4.2 Dodging
 + Level 5.9 Stealth
 + Level 3.9 Spellcasting
 * Level 5.4 Hexes
 * Level 2.6 Ice Magic


You had 5 spell levels left.
You knew the following spells:

 Your Spells              Type           Power      Damage    Failure   Level
a - Ensorcelled Hibernat  Hex/Ice        36%        N/A       4%          2
b - Confusing Touch       Hex            23%        N/A       4%          3
c - Tukima's Dance        Hex            23%        N/A       4%          3

Your spell library contained the following spells:

 Spells                   Type           Power      Damage    Failure   Level
 Slow                     Hex            92%        N/A       1%          1
 Dazzling Flash           Conj/Hex       26%        N/A       14%         3
 Necrotise                Necr           12%        1d4       16%         1
 Sandblast                Erth           6%         2d5       16%         1
 Cigotuvi's Dreadful Rot  Necr/Pois/Air  6%         N/A       22%         2
 Lesser Beckoning         Tloc           6%         N/A       22%         2
 Passwall                 Tmut/Erth      2%         N/A       22%         2
 Gell's Gravitas          Tloc           3%         N/A       41%         3
 Stone Arrow              Conj/Erth      6%         3d7       41%         3
 Teleport Other           Tloc           3%         N/A       41%         3
 Vampiric Draining        Necr           3%         2d6       41%         3
 Dispel Undead            Necr           3%         3d7       83%         4
 Agony                    Necr           3%         N/A       99%         5
 Death Channel            Necr           1%         N/A       100%        6


Dungeon Overview and Level Annotations

Branches:
Dungeon (4/15)
 Temple: D:4-7

Altars:
Hepliaklqana
Xom
Yredelemnul

Annotations:
D:4 Dowan, Duvessa


Innate Abilities, Weirdness & Mutations

You are very small and have problems with some larger weapons.
You are too small for most types of armour.
You have supernaturally acute eyesight. (SInv)
You cover ground extremely quickly. (Speed+++)


Message History

You impale the orc!!
You kill the orc!
Things that are here:
a +0 short sword; 5 stones; a +1 chain mail of poison resistance
Aiming: Ensorcelled Hibernation (safe; 4% risk of failure)
Press: ? - help, Q - select action, (/) - cycle Shift-Dir - straight line, f - Duvessa
Aim: Duvessa, wielding a +0 rapier and wearing a +0 leather armour (chance to affect: 33%) Duvessa easily resists.
Dowan shouts!
Aiming: Ensorcelled Hibernation (safe; 4% risk of failure)
Press: ? - help, Q - select action, (/) - cycle Shift-Dir - straight line, f/p - Duvessa
Aim: Duvessa, wielding a +0 rapier and wearing a +0 leather armour (chance to affect: 33%) Duvessa looks drowsy...
Unknown command.
The helpless Duvessa fails to defend herself.
You impale Duvessa!!
Duvessa is almost dead.
Duvessa hits you with a +0 rapier. Dowan casts a spell at you.
The puff of frost misses you.
You hit Duvessa but do no damage.
Duvessa is almost dead.
Duvessa hits you with a +0 rapier.
Dowan hits you with a +1 dagger of venom.
You are poisoned.
Unknown command.
You feel sick. Duvessa hits you with a +0 rapier!
* * * LOW HITPOINT WARNING * * *
You feel sick.
You feel sick.
Dowan casts a spell at Duvessa.
Duvessa seems to speed up.
You feel sick.
You feel sick.
You feel sick.
There is a stone staircase leading up here.
You feel sick.
You are no longer poisoned.
Duvessa hits you with a +0 rapier!
You die...

.# .# .# ##.#
####..# ##.e..##
#..#...# ..
#e##.#e# ..
#.##+#@#.#...
####.#..........#
+...)............
###.............#
#>#...........#
...#...........#
.....#...........#
#.......#+####....#
###### #####....
.... #.....


You could see Duvessa (fast).

Vanquished Creatures
  Sigmund (D:4)
  A water moccasin (D:3)
  An ice beast (D:3)
  2 centaur zombies (D:3)
  An orc wizard (D:4)
  An adder (D:2)
  2 worms
  2 orcs
  4 bats
  4 endoplasms
  A giant cockroach (D:2)
  3 hobgoblins
  4 jackals (D:1)
  3 quokkas
  8 ball pythons
  2 frilled lizards (D:2)
  8 goblins
  6 kobolds
  2 rats (D:1)
56 creatures vanquished.

Notes
Turn   | Place    | Note
-------+----------+-------------------------------------------
     0 | D:1      | LynnLen the Spriggan Enchanter began the quest for the Orb.
     0 | D:1      | Reached XP level 1. HP: 9/9 MP: 5/5
   270 | D:1      | Found a faded altar of an unknown god.
   382 | D:1      | Reached XP level 2. HP: 13/13 MP: 6/6
   387 | D:1      | Learned a level 2 spell: Ensorcelled Hibernation
  1461 | D:2      | Reached XP level 3. HP: 17/17 MP: 5/8
  1657 | D:2      | Reached skill level 1 in Ice Magic
  2452 | D:2      | Learned a level 3 spell: Confusing Touch
  2456 | D:2      | Learned a level 3 spell: Tukima's Dance
  2544 | D:3      | Found a shimmering altar of Xom.
  2641 | D:3      | Reached skill level 5 in Stealth
  2641 | D:3      | Reached XP level 4. HP: 21/21 MP: 6/9
  2774 | D:3      | Found a basalt altar of Yredelemnul.
  2879 | D:3      | Noticed a water moccasin
  2924 | D:3      | Killed a water moccasin
  2925 | D:3      | Reached skill level 1 in Fighting
  2925 | D:3      | Reached XP level 5. HP: 16/25 MP: 2/11
  3551 | D:3      | Found a hazy altar of Hepliaklqana.
  3654 | D:3      | Noticed an ice beast
  3712 | D:3      | Killed an ice beast
  3713 | D:3      | Reached skill level 5 in Hexes
  3713 | D:3      | Reached XP level 6. HP: 4/30 MP: 9/12
  4132 | D:4      | Noticed Sigmund
  4140 | D:4      | Killed Sigmund
  4292 | D:4      | Reached XP level 7. HP: 18/34 MP: 7/13
  4509 | D:4      | Noticed Duvessa
  4511 | D:4      | Noticed Dowan
  4531 | D:4      | Slain by Duvessa

Illustrated notes

Levels and vault maps discovered:
D:1:      scummos_arrival_gate, layout_loops_ring,
          hellmonk_ecumenical_altar_heavens_door, serial_bayou_pond_a,
          dk_noncrumbling_3, fountainhead
D:2:      layout_rooms, minmay_tromino_v4_b
D:3:      layout_basic, mainiacjoe_overflow_chevrons,
          lemuel_zombie_altar_yredelemnul,
          mainiacjoe_overflow_concentric_impassable
D:4:      layout_basic, minmay_temple_entry_fiery, uniq_duvessa, uniq_sigmund,
          uniq_ijyb

Skill      XL: |  1  2  3  4  5  6 |
---------------+-------------------+-----
Dodging        | 3 4 |  4.2
Hexes          | 4 5 |  5.4
Ice Magic      | 1 2 |  2.6
Spellcasting   | 3 |  3.9
Stealth        | 5 |  5.9
Fighting       | 1 |  1.7
Short Blades   | 2 |  2.6

Action                     |  1- 3 |  4- 6 |  7- 9 || total
---------------------------+-------+-------+-------++-------
  Melee: Dagger            |   155 |    85 |     5 ||   245
         Punch             |     1 |     1 |       ||     2
   Cast: Ensorcelled Hiber |    26 |    13 |     3 ||    42
         Confusing Touch   |     1 |     5 |       ||     6
    Use: Potion            |     1 |     3 |       ||     4
         Scroll            |     2 |     4 |       ||     6
   Stab: Sleeping          |    15 |     7 |     2 ||    24
         Invisible         |     1 |       |       ||     1
         Confused          |     1 |     3 |       ||     4
 Armour: Robe              |    18 |     6 |       ||    24
  Dodge: Dodged            |   142 |    53 |     5 ||   200
